AoeStats
← Duke Skellington

Golden Pit

507193065Analyzed
1v1 RM · 14d ago on Sep 17, 2026· 42m 59s· 2 players
Game mode
Random Map
Map size
Tiny (2 player)
Population
200
Speed
Normal
Resources
Standard
Victory
Conquest
Starting age
Dark Age
Ending age
Imperial Age
RankedLock teamsTeams togetherTeam positionsShared explorationLock speedFull tech treeHidden civsTurbo modeCheats
Victory
Defeat
🇦🇺 Franks · Australia
523
+11
🇺🇸 Muisca · United States
419
-11
Mapkos11
10:29 Feudal Age
11:45 Wheelbarrow
11:00 Double-Bit Axe
19:48 Castle Age
21:06 Hand Cart
28:47 Squires
37:28 Forging
Duke Skellington
1:58 Loom
2:53 Loom
13:06 Feudal Age
17:56 Castle Age
18:05 Stone Mining
21:45 Wheelbarrow
26:45 Murder Holes
27:53 Fletching
27:53 Double-Bit Axe
28:30 Hand Cart
37:17 Husbandry
39:17 Scale Barding Armor
39:25 Forging
Connection lost

Rejoining the realm…

Still unreachable

The connection could not be restored.

Session expired

The server has moved on; the page needs a fresh start.